 Dungeon Crawl Stone Soup version 0.30-a0-777-ga9a30cbeda (webtiles) character file.

Game seed: 14371118631477264009

39 kingofthe the Conjurer (level 3, -3/21 HPs)
             Began as an Octopode Conjurer on Feb 14, 2023.
             Slain by a gnoll
             ... wielding a +0 halberd
              (11 damage)
             ... on level 2 of the Dungeon.
             The game lasted 00:02:46 (1199 turns).

kingofthe the Conjurer (Octopode Conjurer)          Turns: 1199, Time: 00:02:47

Health: -3/21      AC:  1    Str:  6    XL:     3   Next: 45%
Magic:  1/7        EV: 13    Int: 20    God:
Gold:   88         SH:  0    Dex: 12    Spells: 3/8 levels left

rFire   + + +      SeeInvis .    h - +2 rapier of Ihen {heavy, rElec rF+++ Stlth-}
rCold   . . .      Faith    .    (no shield)
rNeg    . . .      Spirit   .    (helmet restricted)
rPois   .          Reflect  .    (no amulet)
rElec   +          Harm     .    (no ring)
rCorr   .          Rampage  .    (no ring)
Will    .....                    (no ring)
Stlth   ++                       (no ring)
HPRegen 0.23/turn                (no ring)
MPRegen 0.10/turn                (no ring)
                                 (no ring)
                                 (no ring)

@: no status effects
A: almost no armour, amphibious, 8 rings, camouflage 1, gelatinous body 1,
(nimble swimmer 1), tentacles
a: no special abilities


You were on level 2 of the Dungeon.
You visited 1 branch of the dungeon, and saw 2 of its levels.

You collected 88 gold pieces.

Inventory:

Hand Weapons
 h - the +2 rapier of Ihen (weapon) {heavy, rElec rF+++ Stlth-}
   (You found it on level 2 of the Dungeon)

   rF:        It renders you almost immune to fire.
   rElec:     It insulates you from electricity.
   Stlth:     It makes you less stealthy.
Scrolls
 b - a scroll of teleportation {unknown}
 c - a scroll of vulnerability {unknown}
 d - a scroll of identify {unknown}
 e - a scroll of fog {unknown}
 f - a scroll of poison {unknown}
 g - a scroll of amnesia {unknown}
Potions
 a - 2 potions of magic
 i - a potion of curing {unknown}


   Skills:
 * Level 2.3 Dodging
 + Level 3.0 Stealth
 + Level 3.1 Spellcasting
 + Level 4.0 Conjurations


You had 3 spell levels left.
You knew the following spells:

 Your Spells              Type           Power      Damage    Failure   Level
a - Magic Dart            Conj           76%        1d6       2%          1
b - Searing Ray           Conj           38%        2d5       4%          2
z - Blink                 Tloc           6%         N/A       22%         2

Your spell library contained the following spells:

 Spells                   Type           Power      Damage    Failure   Level
 Momentum Strike          Conj/Tloc      22%        3d8       10%         2
 Dazzling Flash           Conj/Hex       22%        N/A       19%         3
 Lesser Beckoning         Tloc           6%         N/A       22%         2
 Ozocubu's Armour         Ice            3%         N/A       38%         3
 Fulminant Prism          Conj/Hex       5%         3d7       52%         4
 Iskenderun's Mystic Bla  Conj/Tloc      11%        2d4       52%         4
 Manifold Assault         Tloc           3%         N/A       80%         4
 Ozocubu's Refrigeration  Ice            1%         4d7       100%        7
 Storm Form               Tmut/Air       1%         N/A       100%        7


Dungeon Overview and Level Annotations

Branches:
Dungeon (2/15)

Altars:


Innate Abilities, Weirdness & Mutations

You cannot wear most types of armour.
You are amphibious.
You can wear up to eight rings at the same time.
Your skin changes colour to match your surroundings (Stealth+).
Your rubbery body absorbs attacks. (AC +1, EV +1)
((You are camouflaged when in or above water. (Stealth+)))
You have tentacles for arms and can constrict up to eight enemies at once.


Message History

The magic dart hits the gnoll.
The gnoll is moderately wounded.
The gnoll shouts!
You hear a shout!
A gnoll comes into view. It is wielding a +0 halberd.
The magic dart hits the gnoll but does no damage.
The gnoll is moderately wounded.
The magic dart hits the gnoll.
The gnoll is severely wounded.
A gnoll comes into view. It is wielding a +2 halberd of venom.
The magic dart hits the gnoll.
The gnoll is severely wounded.
The magic dart hits the gnoll.
The gnoll is almost dead.
You miscast Magic Dart.
You are very lightly contaminated with residual magic.
Nothing appears to happen.
The gnoll misses you.
There is an open door here.
Your magical contamination has completely faded away.
There is an open door here.
Casting: Magic Dart (safe; 2% risk of failure)
Confirm with . or Enter, or press ? or * to list all spells.
Aiming: Searing Ray (safe; 4% risk of failure)
Press: ? - help, Shift-Dir - straight line, f/p - gnoll
Aim: a gnoll, wielding a +0 spear (severely wounded, 81% to hit)
The searing ray misses the gnoll. (Press . to maintain the ray.)
The gnoll barely misses you.
You barely miss the gnoll. You grab the gnoll.
The gnoll is severely wounded.
You constrict the gnoll. The gnoll barely misses you.
The gnoll hits you with a +0 spear.
You hit the gnoll.
You kill the gnoll!
The gnoll hits you from afar with a +0 halberd!
The gnoll barely misses you.
Your Stealth skill increases to level 3!
There is an open door here.
The gnoll hits you from afar with a +0 halberd!
Ouch! That really hurt!
You die...

######### ###########
........# #..........
........####..........
...†....').g...>......
........####g.........
########.# ##.........
#........# #.@.†)....
+.....g..# #.†.......
#........# #.........
#........# #.........
....##+#.#####.........
.... #........+######
... #........+##... ..
#..............
.#+#..............


You could see 2 gnolls.

Vanquished Creatures
  A gnoll (D:2)
  A worm (D:2)
  A dart slug (D:1)
  An endoplasm (D:1)
  7 goblins
  A hobgoblin (D:2)
  2 quokkas (D:1)
  3 bats
  3 frilled lizards
  3 kobolds
23 creatures vanquished.

Notes
Turn   | Place    | Note
-------+----------+-------------------------------------------
     0 | D:1      | kingofthe the Octopode Conjurer began the quest for the
                  | Orb.
     0 | D:1      | Reached XP level 1. HP: 11/11 MP: 3/3
   278 | D:1      | Reached XP level 2. HP: 17/17 MP: 1/5
   388 | D:1      | Learned a level 2 spell: Searing Ray
   391 | D:1      | Learned a level 2 spell: Blink
   644 | D:1      | Found a faded altar of an unknown god.
   952 | D:2      | Identified the +2 rapier of Ihen {heavy, rElec rF+++
                  | Stlth-}
  1005 | D:2      | Reached XP level 3. HP: 12/21 MP: 1/7
  1199 | D:2      | Slain by a gnoll

Illustrated notes

Levels and vault maps discovered:
D:1:      ncdulo_watergridlock, layout_basic, chequers_ecumenical_altar_lobes,
          chequers_serial_rivers_micro_c
D:2:      layout_basic

Skill      XL: |  1  2  3 |
---------------+----------+-----
Spellcasting   | 3 |  3.1
Stealth        | 3 |  3.0
Dodging        | |  2.3
Conjurations   | |  4.0

Action                     || total
---------------------------++-------
  Melee: Rapier            ||     4
         Constrict         ||     1
   Cast: Magic Dart        ||    49
         Searing Ray       ||     2
  Dodge: Dodged            ||     7

Table legend: (Time is in decaauts)
 A = Elapsed time spent in this place.
 B = Non-inter-level travel time spent in this place.
 C = Inter-level travel time spent in this place.
 D = Time resting spent in this place.
 E = Time spent auto-exploring this place.
 F = Levels seen in this place.
 G = Mean time per level.
                   A        B        C        D        E       F      G
               +--------+--------+--------+--------+--------+-----+--------+
         Total |   1201 |   1169 |     32 |     98 |    942 |   2 |  600.5 |
       Dungeon |   1201 |   1169 |     32 |     98 |    942 |   2 |  600.5 |
               +--------+--------+--------+--------+--------+-----+--------+

Top non-repeatable levels by time:
     D:1: 894 daAuts
     D:2: 307 daAuts
